 Dungeon Crawl Stone Soup version 0.30.1-9-gdf580d7c3d (webtiles) character file.

Game seed: 10398744937448595318

1606322 LordWeiramon the Imperceptible (level 27, 199/199 HPs)
             Began as a Kobold Artificer on Oct 4, 2023.
             Was a High Priest of Ashenzari.
             Escaped with the Orb
             ... and 3 runes on Oct 5, 2023!
             The game lasted 06:19:27 (75003 turns).

LordWeiramon the Imperceptible (Kobold Artificer)  Turns: 75003, Time: 06:19:28

Health: 199/199    AC: 31    Str: 23    XL:     27
Magic:  45/45      EV: 53    Int: 14    God:    Ashenzari [*****.]
Gold:   1928       SH: 19    Dex: 31    Spells: 37/44 levels left

rFire   + + +        a - +10 rapier "Circumscribed With Me" {freeze, +Blink MP+9 Str+3, Fort, Elem} (curse)
rCold   . . .        c - +1 kite shield {rF+}
rNeg    + . .        M - +6 acid dragon scales "I Knew You'd Do That" {rCorr, Range, Fort} (curse)
rPois   +            K - +2 helmet of the Prescient Moon {Range, Melee} (curse)
rElec   .            g - +2 cloak "I Knew You'd Do That" {Will+ Str+3, Cun, Bglg} (curse)
rCorr   +            l - +1 pair of gloves of Ashenzari's Mistrust {Str+4, Alch, Elem} (curse)
SInv    +            A - +2 pair of boots of the Bound Fetters {Stlth+, Evo, Comp} (curse)
Will    +++..        k - amulet "Shackled Together" {Rampage Fragile Regen+ Dex+4 Stlth+, Self, Evo} (curse)
Stlth   +++++        E - ring of the Sublime Augur {rF++ rN+ EV+5 Str+3 Stlth+, Melee, Fort} (curse)
HPRegen 1.33/turn    Z - ring of the Sidereal Annoyance {rPois, Self, Melee} (curse)
MPRegen 0.29/turn

%: clarity, rampage
@: hasted, studying 3 skills, very quick
A: small, no large weapons, nightstalker 3, mutation resistance 1
0: Orb of Zot
}: 3/15 runes: barnacled, silver, gossamer
a: Renounce Religion, Evoke Blink, Shatter the Chains


You escaped.
You worshipped Ashenzari.
Ashenzari was extremely pleased with you.
You visited 10 branches of the dungeon, and saw 48 of its levels.
You also visited: Ossuary.

You collected 7723 gold pieces.
You spent 5795 gold pieces at shops.

Inventory:

Hand Weapons
 a - the cursed +10 rapier "Circumscribed With Me" (weapon) {freeze, +Blink MP+9 Str+3, Fort, Elem}
   (You found it on level 14 of the Dungeon)

   Str:       It affects your strength (+3).
   MP:        It affects your magic capacity (+9).
   +Blink:    It lets you blink.
   It has a curse which improves the following skills: Fortitude: Armour and
   Shields.
   Elements:  Fire Magic, Ice Magic, Air Magic and Earth Magic.
Missiles
 e - 3 throwing nets
 i - 42 atropa-tipped darts
 B - 51 poisoned darts (quivered)
 C - 19 curare-tipped darts
Armour
 c - a +1 kite shield of fire resistance (worn)
 g - the cursed +2 cloak "I Knew You'd Do That" (worn) {Will+ Str+3, Cun, Bglg}
   (You acquired it on level 3 of the Lair of Beasts)

   Str:       It affects your strength (+3).
   Will:      It increases your willpower.
   It has a curse which improves the following skills: Cunning: Dodging and
   Stealth.
   Beguiling: Conjurations, Hexes and Translocations.
 l - the cursed +1 pair of gloves of Ashenzari's Mistrust (worn) {Str+4, Alch, Elem}
   (You acquired it on level 2 of the Depths)

   Str:       It affects your strength (+4).
   It has a curse which improves the following skills: Alchemy: Poison Magic and
   Transmutations.
   Elements:  Fire Magic, Ice Magic, Air Magic and Earth Magic.
 A - the cursed +2 pair of boots of the Bound Fetters (worn) {Stlth+, Evo, Comp}
   (You found it on level 3 of the Spider Nest)

   It has a curse which improves the following skills: Evocations: Evocations.
   Companions: Summonings and Necromancy.
 K - the cursed +2 helmet of the Prescient Moon (worn) {Range, Melee}
   (You found it on level 10 of the Dungeon)

   It has a curse which improves the following skills: Ranged Combat: Ranged
   Weapons and Throwing.
   Melee Combat: Short Blades, Long Blades, Axes, Maces & Flails, Polearms,
   Staves and Unarmed Combat.
 M - the cursed +6 acid dragon scales "I Knew You'd Do That" (worn) {rCorr, Range, Fort}
   (You found it on level 7 of the Dungeon)

   rCorr:     It protects you from acid and corrosion.
   It has a curse which improves the following skills: Ranged Combat: Ranged
   Weapons and Throwing.
   Fortitude: Armour and Shields.
Jewellery
 k - the cursed amulet "Shackled Together" (around neck) {Rampage Fragile Regen+ Dex+4 Stlth+, Self, Evo}
   (You found it on level 3 of the Elven Halls)

   [amulet of regeneration]

   Dex:       It affects your dexterity (+4).
   Regen:     It increases your rate of health regeneration.
   Fragile:   It will be destroyed if unequipped.
   Rampage:   It bestows one free step when moving towards enemies.
   Stlth:     It makes you more stealthy.
   It has a curse which improves the following skills: Introspection: Fighting
   and Spellcasting.
   Evocations: Evocations.
 y - the ring of Dyngit {rC+ Str+3 Int+6}
   (You acquired it on level 1 of the Vaults)

   [ring of intelligence]

   Str:       It affects your strength (+3).
   Int:       It affects your intelligence (+6).
   rC:        It protects you from cold.
 E - the cursed ring of the Sublime Augur (left hand) {rF++ rN+ EV+5 Str+3 Stlth+, Melee, Fort}
   (You found it on level 3 of the Elven Halls)

   [ring of evasion]

   EV:        It affects your evasion (+5).
   Str:       It affects your strength (+3).
   rF:        It greatly protects you from fire.
   rN:        It protects you from negative energy.
   Stlth:     It makes you more stealthy.
   It has a curse which improves the following skills: Melee Combat: Short
   Blades, Long Blades, Axes, Maces & Flails, Polearms, Staves and Unarmed
   Combat.
   Fortitude: Armour and Shields.
 G - an amulet of guardian spirit
 N - a +6 ring of intelligence
 Z - the cursed ring of the Sidereal Annoyance (right hand) {rPois, Self, Melee}
   (You found it on level 10 of the Dungeon)

   [ring of poison resistance]

   rPois:     It protects you from poison.
   It has a curse which improves the following skills: Introspection: Fighting
   and Spellcasting.
   Melee Combat: Short Blades, Long Blades, Axes, Maces & Flails, Polearms,
   Staves and Unarmed Combat.
Wands
 d - a wand of charming (49)
 q - a wand of flame (45)
 w - a wand of roots (62)
 H - a wand of polymorph (10)
 O - a wand of digging (23)
 R - a wand of acid (35)
 X - a wand of mindburst (37)
Scrolls
 f - 5 scrolls of fear
 m - 18 scrolls of teleportation
 n - 10 scrolls of poison
 v - 4 scrolls of magic mapping
 I - 12 scrolls of fog
 J - 3 scrolls of butterflies
 P - 2 scrolls of silence
Potions
 h - 10 potions of attraction
 j - 11 potions of cancellation
 r - 5 potions of resistance
 t - 14 potions of mutation
 u - 11 potions of brilliance
 x - 34 potions of curing
 z - 18 potions of heal wounds
 D - a potion of berserk rage
 F - 13 potions of flight
 S - 8 potions of ambrosia
 U - 8 potions of might
 V - 12 potions of haste
 W - 12 potions of invisibility
Miscellaneous
 b - a phantom mirror
 o - a tin of tremorstones (2/2)
 p - a phial of floods
 s - a lightning rod (4/4)
 Q - a box of beasts


   Skills:
 - Level 24.3(27) Fighting
 - Level 24.0(27) Short Blades
 - Level 6.2(9.4) Throwing
 + Level 13.8(17.9) Armour
 - Level 25.5(27) Dodging
 - Level 25.6(27) Stealth
 - Level 14.7(18.8) Shields
 - Level 6.0(9.1) Spellcasting
 - Level 11.0(13.1) Hexes
 - Level 1.0(2.2) Transmutations
 - Level 11.0(14.1) Air Magic
 - Level 1.0(2.7) Earth Magic
 - Level 10.0(13.2) Evocations


You had 37 spell levels left.
You knew the following spells:

 Your Spells              Type           Power      Damage    Failure   Level
a - Passwall              Tmut/Erth      10%        N/A       10%         2
s - Silence               Hex/Air        22%        N/A       1%          5

Your spell library contained the following spells:

 Spells                   Type           Power      Damage    Failure   Level
 Shock                    Conj/Air       100%       1d9       1%          1
 Ensorcelled Hibernation  Hex/Ice        50%        N/A       1%          2
 Poisonous Vapours        Pois/Air       52%        N/A       1%          2
 Static Discharge         Conj/Air       52%        2-5/arc   1%          2
 Tukima's Dance           Hex            43%        N/A       1%          3
 Airstrike                Air            23%        2d(4-20)  1%          4
 Cause Fear               Hex            21%        N/A       1%          4
 Vhi's Electric Charge    Tloc/Air       52%        N/A       2%          3
 Cigotuvi's Dreadful Rot  Necr/Pois/Air  40%        N/A       3%          2
 Dazzling Flash           Conj/Hex       50%        N/A       3%          3
 Summon Guardian Golem    Hex/Summ       25%        N/A       3%          3
 Sandblast                Erth           28%        2d8       5%          1
 Leda's Liquefaction      Hex/Erth       14%        N/A       6%          4
 Beastly Appendage        Tmut           24%        N/A       7%          1
 Sting                    Tmut/Pois      36%        1d4       11%         1
 Wereblood                Tmut           12%        N/A       11%         2
 Anguish                  Hex/Necr       12%        N/A       11%         4
 Freeze                   Ice            28%        1d5       14%         1
 Kiss of Death            Conj/Necr      28%        2d7       16%         1
 Necrotise                Necr           28%        1d5       16%         1
 Summon Small Mammal      Summ           28%        N/A       16%         1
 Yara's Violent Unravell  Hex/Tmut       13%        3d7       21%         5
 Blink                    Tloc           14%        N/A       24%         2
 Call Imp                 Summ           14%        N/A       24%         2
 Lesser Beckoning         Tloc           14%        N/A       24%         2
 Sublimation of Blood     Necr           7%         N/A       24%         2
 Arcjolt                  Conj/Air       13%        1d23      24%         5
 Stone Arrow              Conj/Erth      20%        3d8       28%         3
 Spider Form              Tmut/Pois      9%         N/A       30%         3
 Metabolic Englaciation   Hex/Ice        12%        N/A       30%         5
 Ozocubu's Armour         Ice            7%         N/A       41%         3
 Call Canine Familiar     Summ           7%         N/A       43%         3
 Gell's Gravitas          Tloc           7%         N/A       43%         3
 Teleport Other           Tloc           7%         N/A       43%         3
 Vampiric Draining        Necr           7%         2d6       43%         3
 Petrify                  Tmut/Erth      13%        N/A       52%         4
 Enfeeble                 Hex            21%        N/A       54%         7
 Conjure Ball Lightning   Conj/Air       13%        3x3d6     80%         6
 Animate Dead             Necr           7%         N/A       83%         4
 Dispel Undead            Necr           7%         3d8       83%         4
 Flame Wave               Conj/Fire      7%         2d5       83%         4
 Manifold Assault         Tloc           7%         N/A       83%         4
 Olgreb's Toxic Radiance  Pois           7%         N/A       83%         4
 Passage of Golubria      Tloc           7%         N/A       83%         4
 Sticky Flame             Conj/Fire      7%         2d3       83%         4
 Lee's Rapid Deconstruct  Erth           7%         3d6*      83%         5
 Blade Hands              Tmut           6%         N/A       88%         5
 Maxwell's Capacitive Co  Air            23%        ∞         98%         8
 Agony                    Necr           7%         N/A       99%         5
 Fireball                 Conj/Fire      3%         3d4       99%         5
 Storm Form               Tmut/Air       14%        N/A       99%         7
 Death Channel            Necr           3%         N/A       100%        6
 Dispersal                Tloc           3%         N/A       100%        6
 Iron Shot                Conj/Erth      5%         9d2       100%        6
 Simulacrum               Ice/Necr       3%         N/A       100%        6
 Starburst                Conj/Fire      3%         6d3       100%        6
 Statue Form              Tmut/Erth      8%         N/A       100%        6
 Dragon Form              Tmut           6%         N/A       100%        7
 Haunt                    Necr/Summ      3%         N/A       100%        7
 Malign Gateway           Summ/Tloc      3%         N/A       100%        7
 Orb of Destruction       Conj           3%         9d5       100%        7
 Ozocubu's Refrigeration  Ice            3%         4d8       100%        7
 Summon Hydra             Summ           3%         N/A       100%        7
 Borgnjor's Revivificati  Necr           3%         N/A       100%        8
 Disjunction              Tloc           3%         N/A       100%        8
 Ignition                 Fire           3%         3d4       100%        8
 Infestation              Necr           3%         N/A       100%        8
 Lehudib's Crystal Spear  Conj/Erth      5%         10d3      100%        8
 Necromutation            Tmut/Necr      4%         N/A       100%        8
 Chain Lightning          Conj/Air       13%        3d17      100%        9
 Death's Door             Necr           3%         N/A       100%        9
 Dragon's Call            Summ           3%         N/A       100%        9
 Polar Vortex             Ice            3%         N/A       100%        9
 Shatter                  Erth           7%         3d9*      100%        9


Dungeon Overview and Level Annotations

Branches:
Dungeon (15/15)            Temple (1/1) D:4            Lair (5/5) D:10
 Shoals (4/4) Lair:2       Spider (4/4) Lair:2        Slime (0/5) Lair:5
    Orc (2/2) D:10            Elf (3/3) Orc:2        Vaults (5/5) D:14
  Crypt (0/3) Vaults:3     Depths (4/4) D:15            Zot (5/5) Depths:4
Ossuary (visited)

Altars:
Ashenzari
Cheibriados
Dithmenos
Elyvilon
Fedhas
Gozag
Hepliaklqana
Kikubaaqudgha
Makhleb
Okawaru
Ru
Sif Muna
Trog
Uskayaw
Vehumet
Wu Jian
Xom
Yredelemnul

Shops:
D:4 :   D:10 (   Orc:2 [**(:   Elf:1 =!(   Elf:2 !   Shoals:1 (   Vaults:1 *?=!
Vaults:2 !(   Depths:2 *

Portals:
Hell: Depths:1 Depths:2 Depths:3 Depths:4
Abyss: Depths:2 Depths:3
Pandemonium: Depths:1 Depths:2
Ziggurat: Depths:3
Trove: Elf:1 (give +3 gold dragon scales)


Innate Abilities, Weirdness & Mutations

You are small and have problems with some larger weapons.
You are completely attuned to the shadows.
You are somewhat resistant to further mutation.


Message History

You hit the hell beast. You freeze the hell beast.
The hell beast is severely wounded.
You block the hell beast's attack.
The hell beast tramples you but does no damage.
You barely miss the hell beast.
The hell beast is severely wounded.
The hell beast completely misses you. You block the hell beast's attack.
You puncture the hell beast! You freeze the hell beast.
The hell beast is almost dead.
The hell beast completely misses you. You block the hell beast's attack.
You hit the hell beast but do no damage.
The hell beast is almost dead.
You block the hell beast's attack. x2
You puncture the hell beast! You freeze the hell beast.
You kill the hell beast!
You feel yourself speed up.
(D) Dungeon (T) Temple (L) Lair (A) Shoals (N) Spider Nest (M) Slime Pits (O) Orcish Mines (E) Elven Halls (V) Vaults (C) Crypt (U) Depths (H) Hell (Z) Zot
Where to? (Enter - D:1 @ (x,y), ? - help)
There is an escape hatch in the ceiling here.
A mysterious force pulls you upwards. The hatch slams shut behind you.
There is a stone staircase leading up here.
You climb upwards.
There is a stone staircase leading down here.
A Tagariss, a soul eater, a ynoxinul and a green death come into view.
The ynoxinul bellows!
There is a large open door here.
Press: ? - help, v - describe, . - travel
Here: Tagariss The floor.
You rampage towards Tagariss!
You hit Tagariss but do no damage.
Unknown command.
Unknown command.
Blink to where?
Press: ? - help, Dir - move target
As you read the scroll of blinking, it crumbles to dust.
There is a staircase leading out of the dungeon here.
You have escaped!

.....#...### #.'.....# ...#.##..#
#.#...### .........# #........
...#.##.## §#≈§≈≈≈##.....###
...#.##.# ≈≈≈§≈≈≈##.......#
.....##.# ≈≈≈≈#≈≈##.##.#.#
##.####.# ####≈≈≈≈≈#..##.#.. .#.#
#.# #>.......'.###.##. ##.# #.#
#@.&.3{§.2.##>.#.. ##.# #.#
####≈3§≈≈####..#.. ##.# #.#
§≈≈≈#≈≈####..#.. ...# #.#
≈§≈≈≈§≈##.....#.. #..## #.#
≈#≈§§≈≈##.##..#.. ....###.#
#.#...##. ........## #.#...##.
##.......################.....###
#######..........................


You could see Tagariss, a soul eater and a ynoxinul.

Vanquished Creatures
  A dread lich (Vaults:5)
  8 orbs of fire
  Mara (Vaults:4)
  2 ancient liches
  A juggernaut (Zot:4)
  Boris (twice) (Vaults:4 Vaults:5)
  Sojobo (Depths:3)
  A Killer Klown (Zot:5)
  Frederick (Vaults:4)
  4 caustic shrikes (Depths:4)
  Saint Roka (Vaults:4)
  Xtahua (Depths:3)
  Margery (Vaults:4)
  2 curse toes
  16 golden dragons
  A bone dragon (Depths:4)
  4 electric golems
  21 tentacled monstrosities
  23 Orb Guardians
  A walking crystal tome (Depths:1)
  A deep elf master archer (Elf:3)
  5 liches
  5 titans
  5 quicksilver dragons
  A deep elf blademaster (Elf:3)
  The ghost of riellis1 the Severer, an adept MiFi of Okawaru (Spider:2)
  7 death cobs
  7 sphinxes
  An Executioner (D:15)
  The ghost of hawkwood the Devastator, an adept DgAr (Spider:3)
  Kirke (Elf:1)
  A kraken (Shoals:2)
  Polyphemus (Shoals:3)
  13 shadow dragons
  Agnes (Elf:1)
  9 storm dragons
  9 draconian monks
  14 tengu reavers
  Ilsuiw (Shoals:4)
  A fenstrider witch (shapeshifter) (Vaults:5)
  9 frost giants
  3 fire giants
  4 nagarajas (Depths:1)
  Donald (Elf:3)
  6 deep elf sorcerers
  An iron dragon (Vaults:5)
  25 vault wardens
  6 emperor scorpions
  6 draconian knights
  The ghost of chicagocrazy the Nimble, a journeyman DsBr of Dithmenos (Spider:1)
  3 draconian shifters
  6 draconian scorchers
  13 draconian stormcallers
  9 ghost moths
  18 ironbound preservers
  4 deep elf elementalists (Elf:3)
  A reaper (Depths:2)
  2 war gargoyles
  6 draconian annihilators
  8 ironbound thunderhulks
  The ghost of Ixzaikk the Tortoise, a journeyman MiFi of Hepliaklqana (Depths:2)
  A broodmother (Spider:4)
  14 stone giants
  20 very ugly things
  9 black draconians
  6 white draconians
  Nessos (D:13)
  6 deep elf demonologists
  3 vampire knights
  18 green draconians
  14 deep elf annihilators
  14 yellow draconians
  21 dire elephants
  12 spark wasps
  17 red draconians
  13 purple draconians
  11 ettins
  5 deep elf death magi
  The ghost of Buceliov the Covert, a journeyman DsDe of Gozag (Lair:3)
  A blizzard demon (Depths:1)
  8 merfolk javelineers (Shoals:4)
  19 yaktaur captains
  3 jiangshi (Depths:4)
  9 merfolk impalers
  6 entropy weavers
  Josephine (Lair:4)
  5 fire dragons
  5 deep elf high priests
  An entropy weaver (shapeshifter) (Elf:3)
  Fannar (Lair:3)
  11 great orbs of eyes
  6 rakshasas
  41 vault guards
  2 peacekeepers
  7 ice dragons
  6 spriggan air magi
  5 merfolk avatars
  4 hydras
  The ghost of Vaif the Eclecticist, a journeyman DENe of Vehumet (Orc:1)
  An anaconda (Depths:1)
  2 catoblepae
  13 ironbound frosthearts
  5 centaur warriors
  3 ogre magi
  2 jorogumos (Spider:4)
  4 radroaches
  An alligator snapping turtle (Shoals:2)
  3 hell beasts
  10 boulder beetles
  5 merfolk aquamancers
  7 two-headed ogres
  8 naga warriors (Depths:1)
  11 deep troll shamans
  2 vampire magi
  5 deep troll earth magi
  A tengu warrior (D:14)
  3 satyrs
  6 hell hogs
  An orc high priest (Elf:3)
  13 death yaks
  28 dancing weapons
  20 deep elf knights
  13 hell knights
  The ghost of Loabri the Bludgeoner, a journeyman MeFi of the Shining One (D:13)
  6 skysharks
  2 sun demons
  A sixfirhy (Depths:1)
  4 skeletal warriors
  3 soul eaters
  9 iron trolls
  6 pharaoh ants
  2 shadow wraiths (Vaults:5)
  3 sun moths
  2 glowing orange brains (shapeshifter)
  2 flayed ghosts
  18 sea snakes
  61 deep trolls
  5 steelbarb worms
  2 spriggan druids (Depths:2)
  17 ironbound convokers
  5 lindwurms
  8 wizards
  An obsidian statue (Depths:2)
  11 orb spiders
  39 deep elf pyromancers
  5 phantasmal warriors (Vaults:5)
  12 deep elf archers
  25 deep elf zephyrmancers
  16 harpies
  7 necromancers
  5 orc knights
  27 ugly things
  An orc sorcerer (Orc:1)
  21 wolf spiders
  12 cyclopes
  6 elephants
  26 moths of wrath
  A manticore (shapeshifter) (Vaults:5)
  18 fauns
  A faun (shapeshifter) (Vaults:5)
  13 merfolk sirens
  16 manticores
  5 guardian serpents (Depths:1)
  5 demonic crawlers
  2 water nymphs
  5 torpor snails
  A naga mage (Depths:1)
  3 black mambas
  A gargoyle (D:11)
  Joseph (D:9)
  22 vault sentinels
  A smoke demon (Depths:2)
  2 unseen horrors (Depths:3)
  13 cane toads
  2 rime drakes
  3 centaur skeletons (D:14)
  A tormentor (D:14)
  43 yaktaurs
  3 freezing wraiths
  4 kobold demonologists
  A guardian mummy (Elf:1)
  6 komodo dragons
  8 trolls
  2 red devils
  14 wind drakes
  A hellwing (Depths:1)
  3 meliai (Spider:3)
  4 polar bears
  30 merfolk
  A tyrant leech (shapeshifter) (Vaults:5)
  A harpy skeleton (D:14)
  27 tarantellas
  A snapping turtle (shapeshifter) (Elf:3)
  3 wind drakes (shapeshifter)
  12 hornets
  A raiju (shapeshifter) (D:14)
  23 slime creatures
  13 blink frogs
  A blink frog (shapeshifter) (D:15)
  4 large abominations (Depths:3)
  3 dream sheep (Shoals:1)
  8 snapping turtles
  32 jumping spiders
  An air elemental (Elf:3)
  3 spriggans (Lair:3)
  15 water elementals
  8 wraiths
  A human (shapeshifter) (Elf:1)
  A vampire (D:14)
  A shadow (D:10)
  3 fire elementals
  29 yaks
  22 culicivoras
  3 basilisks
  A hog (Elf:1)
  3 wyverns
  4 steam dragons
  A redback (shapeshifter) (Vaults:5)
  3 vampire mosquitoes (D:14)
  3 chaos spawn
  60 redbacks
  5 wargs
  A swamp worm (shapeshifter) (Depths:3)
  An acid dragon (D:7)
  A naga (Depths:1)
  12 water moccasins
  21 orc warriors
  A sky beast (D:7)
  2 ice beasts
  2 black bears (D:6)
  10 ogres
  A wolf (Vaults:4)
  3 boggarts
  13 centaurs
  8 small abominations (Depths:3)
  2 phantoms
  7 kobold brigands
  4 bullfrogs
  2 elf zombies (Ossuary)
  2 gnoll sergeants (D:10)
  6 scorpions
  2 earth elementals (Elf:3)
  3 wights (D:8)
  23 killer bees
  An electric eel (D:9)
  6 crimson imps (D:9)
  5 howler monkeys
  7 hounds
  12 jellies
  2 human zombies (Ossuary)
  15 orc priests
  2 gnoll boudas
  5 iguanas
  20 orc wizards
  2 mummies (Ossuary)
  9 gnolls
  10 adders
  2 shadow imps
  6 white imps
  An ufetubus (D:6)
  2 worms (Lair:2)
  A dart slug (D:2)
  93 orcs
  9 ball pythons
  6 bats
  2 endoplasms
  4 giant cockroaches
  6 goblins
  4 hobgoblins
  9 jackals
  9 kobolds
  A quokka (D:5)
  7 frilled lizards
  2 goblin zombies (Ossuary)
  7 hobgoblin zombies (Ossuary)
  2 jackal zombies (Ossuary)
  10 kobold zombies (Ossuary)
  9 orc zombies (Ossuary)
  A rat (D:1)
  3 rat zombies (Ossuary)
  3 butterflies
  4 tentacles (Shoals:2)
2135 creatures vanquished.

Vanquished Creatures (collateral kills)
  A great orb of eyes (Vaults:4)
  A skyshark (Lair:5)
  A moth of wrath (shapeshifter) (Depths:3)
  A ynoxinul (D:13)
  A culicivora (Spider:2)
5 creatures vanquished.

Vanquished Creatures (others)
  4 humans (Elf:1)
  An orc (D:10)
  6 tentacles (Shoals:2)
11 creatures vanquished.

Grand Total: 2151 creatures vanquished

Notes
Turn   | Place    | Note
-------+----------+-------------------------------------------
     0 | D:1      | LordWeiramon the Kobold Artificer began the quest for the
                  | Orb.
     0 | D:1      | Reached XP level 1. HP: 12/12 MP: 1/1
   101 | D:1      | Reached XP level 2. HP: 15/17 MP: 2/2
   618 | D:1      | Reached skill level 1 in Short Blades
   806 | D:1      | Reached XP level 3. HP: 22/22 MP: 3/3
  1390 | D:2      | Reached XP level 4. HP: 27/27 MP: 4/4
  2644 | D:4      | Found a staircase to the Ecumenical Temple.
  2650 | Temple   | Entered the Ecumenical Temple
  2783 | D:4      | Reached XP level 5. HP: 31/31 MP: 5/5
  2934 | D:4      | Found Teleptai's Book Boutique.
  3022 | D:4      | Reached skill level 5 in Short Blades
  3749 | D:5      | Entered Level 5 of the Dungeon
  3895 | D:5      | Reached XP level 6. HP: 31/36 MP: 6/6
  4019 | D:5      | Reached skill level 5 in Dodging
  4019 | D:5      | Reached XP level 7. HP: 21/40 MP: 7/7
  4218 | D:5      | Reached skill level 5 in Stealth
  4439 | D:5      | Reached XP level 8. HP: 46/46 MP: 8/8
  4927 | D:6      | Found a sand-covered staircase.
  4934 | Ossuary  | Entered an ossuary
  5365 | Ossuary  | Reached skill level 10 in Short Blades
  5592 | D:6      | Found a broken altar of Ashenzari.
  5597 | D:6      | Became a worshipper of Ashenzari the Shackled
  5811 | D:6      | Reached skill level 5 in Fighting
  5811 | D:6      | Reached XP level 9. HP: 37/54 MP: 9/9
  6090 | D:7      | Reached skill level 5 in Evocations
  6289 | D:7      | Reached skill level 1 in Armour
  6349 | D:7      | Noticed a hornet
  6351 | D:7      | Killed a hornet
  6572 | D:7      | Noticed a hornet
  6582 | D:7      | Killed a hornet
  6752 | D:8      | Reached XP level 10. HP: 55/59 MP: 10/10
  6766 | D:8      | Reached skill level 5 in Armour
  7142 | D:8      | Noticed a two-headed ogre
  7849 | D:9      | Noticed Joseph
  7863 | D:9      | Killed Joseph
  7948 | D:9      | Reached * piety under Ashenzari
  7948 | D:9      | Identified a scroll of acquirement
  8498 | D:9      | Identified the cursed +0 helmet of Cremastomancy {Melee,
                  | Comp} (You found it on level 1 of the Dungeon)
  8498 | D:9      | Identified the cursed +0 pair of gloves of the Ruined
                  | Rationality {Self, Melee} (You found it on level 3 of the
                  | Dungeon)
  8603 | D:9      | Reached ** piety under Ashenzari
  8662 | D:9      | Found an iron altar of Okawaru.
  8893 | D:9      | Found an ancient bone altar of Kikubaaqudgha.
  9050 | D:9      | Reached skill level 10 in Dodging
  9156 | D:10     | Entered Level 10 of the Dungeon
  9213 | D:10     | Reached XP level 11. HP: 64/64 MP: 11/11
  9233 | D:10     | Noticed a boulder beetle
  9235 | D:10     | Killed a boulder beetle
  9236 | D:10     | Reached skill level 5 in Throwing
  9270 | D:10     | Found a staircase to the Lair.
  9371 | D:10     | Reached skill level 1 in Shields
  9486 | D:10     | Found Lytoib's Weapon Boutique.
  9543 | D:10     | Found a staircase to the Orcish Mines.
  9613 | D:10     | Bought 5 atropa-tipped darts for 63 gold pieces
  9636 | D:10     | Learned a level 5 spell: Silence
  9977 | D:10     | Noticed an orc knight
 10047 | D:10     | Noticed a brown ugly thing
 10071 | D:10     | Killed a brown ugly thing
 10072 | D:10     | Reached skill level 5 in Shields
 10107 | D:10     | Killed an orc knight
 10217 | D:10     | Noticed a sixfirhy
 10277 | D:10     | Noticed a centaur warrior
 10299 | D:10     | Killed a centaur warrior
 10300 | D:10     | Reached skill level 10 in Stealth
 10492 | D:10     | Noticed a sun demon
 10560 | D:10     | Reached XP level 12. HP: 70/70 MP: 12/12
 10742 | D:10     | Found a basalt altar of Yredelemnul.
 10813 | D:11     | Reached *** piety under Ashenzari
 11238 | D:11     | Reached **** piety under Ashenzari
 11824 | Lair:1   | Entered Level 1 of the Lair of Beasts
 13230 | Lair:2   | Found a hole to the Spider Nest.
 13531 | Lair:2   | Noticed a six-headed hydra
 13544 | Lair:2   | Killed a six-headed hydra
 13625 | Lair:2   | Found a staircase to the Shoals.
 13738 | Lair:2   | Noticed a death yak
 14018 | Lair:3   | Reached skill level 10 in Fighting
 14051 | Lair:3   | Noticed a skyshark
 14123 | Lair:3   | Reached ***** piety under Ashenzari
 14151 | Lair:3   | Acquired the +2 cloak of the Lobster {Will+ Str+3}
 14283 | Lair:3   | Noticed Fannar
 14288 | Lair:3   | Killed Fannar
 14289 | Lair:3   | Reached XP level 13. HP: 87/87 MP: 13/13
 14923 | Lair:3   | Found a runed translucent door.
 14923 | Lair:3   | Identified the +4 spear of the Twisting Gods {vamp, rN+
                  | Will+}
 15001 | Lair:3   | Identified the +9 quarterstaff "Kaewnon" {pain, Str+3}
 15029 | Lair:3   | Noticed an eight-headed hydra
 15574 | Lair:3   | Killed an eight-headed hydra
 17306 | Lair:5   | Entered Level 5 of the Lair of Beasts
 17491 | Lair:5   | Reached XP level 14. HP: 94/94 MP: 14/14
 17646 | Lair:5   | Reached skill level 10 in Evocations
 18518 | Lair:5   | Reached skill level 15 in Dodging
 18583 | Lair:5   | Found a staircase to the Slime Pits.
 19429 | Lair:4   | Noticed Josephine
 19433 | Lair:4   | Killed Josephine
 19905 | D:11     | Reached skill level 1 in Spellcasting
 19905 | D:11     | Reached skill level 1 in Hexes
 19905 | D:11     | Reached skill level 1 in Air Magic
 21050 | D:13     | Noticed Nessos
 21055 | D:13     | Killed Nessos
 21243 | D:13     | Identified Leda's Parchment of Quicksand
 21254 | D:13     | Noticed Loabri's ghost (journeyman MeFi)
 21284 | D:13     | Found a runed translucent door.
 21517 | D:13     | Killed Loabri's ghost
 21602 | D:13     | Learned a level 2 spell: Passwall
 21906 | D:14     | Identified the +10 rapier of the Little People {freeze,
                  | +Blink MP+9 Str+3}
 21987 | D:14     | Reached XP level 15. HP: 95/99 MP: 24/24
 22544 | D:14     | Reached skill level 5 in Spellcasting
 22544 | D:14     | Reached skill level 5 in Hexes
 22544 | D:14     | Reached skill level 5 in Air Magic
 22544 | D:14     | Found a gate to the Vaults.
 22802 | D:15     | Entered Level 15 of the Dungeon
 22827 | D:15     | Found a blossoming altar of Fedhas.
 23579 | D:15     | Found a staircase to the Depths.
 23579 | D:15     | Noticed a stone giant
 23594 | D:15     | Killed a stone giant
 23709 | Orc:1    | Entered Level 1 of the Orcish Mines
 23902 | Orc:1    | Found a runed translucent door.
 23914 | Orc:1    | Noticed Vaif's ghost (journeyman DENe)
 23930 | Orc:1    | Killed Vaif's ghost
 24173 | Orc:2    | Entered Level 2 of the Orcish Mines
 24475 | Orc:2    | Found Ryugiwk's General Store.
 24516 | Orc:2    | Found Yhupum's General Store.
 24524 | Orc:2    | Bought a potion of flight for 42 gold pieces
 24524 | Orc:2    | Bought a scroll of fog for 56 gold pieces
 24708 | Orc:2    | Found Pezui's Book Shop.
 24891 | Orc:2    | Found Inekib's Antique Weapon Shop.
 24982 | Orc:2    | Noticed a stone giant
 24998 | Orc:2    | Killed a stone giant
 24999 | Orc:2    | Reached XP level 16. HP: 85/104 MP: 28/28
 25119 | Orc:1    | Found a shimmering altar of Xom.
 25369 | Orc:2    | Found Guezeox's Antique Armour Boutique.
 25404 | Orc:2    | Found a staircase to the Elven Halls.
 25714 | Lair:3   | Noticed Buceliov's ghost (journeyman DsDe)
 25737 | Lair:3   | Killed Buceliov's ghost
 26128 | Spider:1 | Entered Level 1 of the Spider Nest
 26317 | Spider:1 | Reached skill level 1 in Transmutations
 26317 | Spider:1 | Reached skill level 1 in Earth Magic
 27200 | Spider:1 | Found a runed translucent door.
 27200 | Spider:1 | Identified the +3 mace of Amorality {heavy, *Rage Dex+5}
 27204 | Spider:1 | Noticed an emperor scorpion
 27204 | Spider:1 | Noticed chicagocrazy's ghost (journeyman DsBr)
 27953 | Spider:2 | Reached skill level 10 in Hexes
 27953 | Spider:2 | Reached skill level 10 in Air Magic
 28961 | Spider:2 | Reached XP level 17. HP: 109/109 MP: 29/29
 29368 | Spider:2 | Found a runed translucent door.
 29390 | Spider:2 | Found a shimmering altar of Xom.
 29390 | Spider:2 | Noticed riellis1's ghost (adept MiFi)
 29394 | Spider:2 | Killed riellis1's ghost
 29747 | Spider:1 | Killed chicagocrazy's ghost
 30388 | Spider:3 | Reached skill level 15 in Short Blades
 30675 | Spider:3 | Found a runed translucent door.
 30676 | Spider:3 | Noticed hawkwood's ghost (adept DgAr)
 30681 | Spider:3 | Killed hawkwood's ghost
 31493 | Spider:4 | Entered Level 4 of the Spider Nest
 32571 | Spider:4 | Reached XP level 18. HP: 114/114 MP: 8/31
 33640 | Spider:4 | Got a gossamer rune of Zot
 33941 | Shoals:1 | Entered Level 1 of the Shoals
 34263 | Shoals:1 | Identified the orb "Xiom" {*channel, SInv}
 34920 | Shoals:1 | Found Herat's Weapon Boutique.
 37200 | Shoals:3 | Reached XP level 19. HP: 112/118 MP: 31/31
 37451 | Shoals:3 | Noticed Polyphemus
 37757 | Shoals:3 | Killed Polyphemus
 38005 | Shoals:3 | Identified the +7 hand axe of the Depths {freeze, rF- rC+
                  | Dex+2}
 38170 | Shoals:4 | Entered Level 4 of the Shoals
 39354 | Shoals:4 | Identified the +9 war axe "Impbane" {flame, Str+2}
 39691 | Shoals:4 | Noticed Ilsuiw
 39725 | Shoals:4 | Killed Ilsuiw
 40160 | Shoals:4 | Got a barnacled rune of Zot
 40596 | Elf:1    | Entered Level 1 of the Elven Halls
 40877 | Elf:1    | Found a portal to a secret trove of treasure.
 40932 | Elf:1    | Found Wioqi's Jewellery Shoppe.
 41015 | Elf:1    | Found Rotwee Firph's Distillery.
 41139 | Elf:1    | Found Zosar's Distillery.
 41144 | Elf:1    | Bought a potion of curing for 45 gold pieces
 41144 | Elf:1    | Bought a potion of flight for 45 gold pieces
 41144 | Elf:1    | Bought a potion of invisibility for 120 gold pieces
 41144 | Elf:1    | Bought a potion of heal wounds for 75 gold pieces
 41253 | Elf:1    | Found Wudwoora's Antique Weapon Boutique.
 41267 | Elf:1    | Reached XP level 20. HP: 124/124 MP: 33/33
 41401 | Elf:1    | Identified the Elucidation of Invitation
 41460 | Elf:1    | Noticed Kirke
 41485 | Elf:1    | Killed Kirke
 41579 | Elf:1    | Noticed Agnes
 41586 | Elf:1    | Killed Agnes
 42437 | Elf:2    | Reached skill level 10 in Shields
 42610 | Elf:2    | Found an ancient bone altar of Kikubaaqudgha.
 42955 | Elf:2    | Identified the Volume of the Rancid Retinue
 43285 | Elf:2    | Found Jiudygha's Distillery.
 43377 | Elf:2    | Bought a potion of haste for 150 gold pieces
 43377 | Elf:2    | Bought a potion of mutation for 120 gold pieces
 43377 | Elf:2    | Bought 2 potions of cancellation for 240 gold pieces
 43377 | Elf:2    | Bought a potion of curing for 45 gold pieces
 43377 | Elf:2    | Bought a potion of flight for 45 gold pieces
 43472 | Elf:2    | Found a huge runed translucent gate.
 43472 | Elf:2    | Found a huge runed translucent gate.
 43473 | Elf:2    | Found a huge runed translucent gate.
 43474 | Elf:2    | Found a huge runed translucent gate.
 43475 | Elf:2    | Found a huge runed translucent gate.
 45097 | Elf:3    | Entered Level 3 of the Elven Halls
 45996 | Elf:3    | Reached XP level 21. HP: 136/136 MP: 34/34
 46025 | Elf:3    | Noticed Donald
 46044 | Elf:3    | Killed Donald
 46809 | Elf:3    | Identified the +6 short sword "Afiat" {vamp, rElec rC-
                  | Will++ Dex+2}
 46809 | Elf:3    | Identified the +4 flail "Goblinbane" {speed, rPois rC-
                  | Will+}
 46809 | Elf:3    | Identified the Spellbook of Electricity
 46860 | Elf:3    | Identified the +8 dire flail "Xuxzod" {freeze, +Blink rCorr
                  | Str+5 Int-4}
 46860 | Elf:3    | Identified the Codex of the Lonely Seas
 46893 | Elf:3    | Found the +2 cloak of the Thief {*Fog Slay-2 SInv Stlth+}
 46909 | Elf:3    | Identified the ring "Mife" {rF++ rN+ EV+5 Str+3 Stlth+}
 46916 | Elf:3    | Identified the amulet "Siatsotu" {Rampage Fragile Regen+
                  | Dex+4 Stlth+}
 46924 | Elf:3    | Identified the +1 scimitar "Ofiec" {speed, Dex+6}
 47344 | Elf:3    | Reached skill level 15 in Stealth
 47500 | Elf:3    | Found a radiant altar of Vehumet.
 48112 | Vaults:1 | Entered Level 1 of the Vaults
 48299 | Vaults:1 | Found Konibamn's Distillery.
 48304 | Vaults:1 | Bought a potion of curing for 30 gold pieces
 48304 | Vaults:1 | Bought a potion of berserk rage for 50 gold pieces
 48304 | Vaults:1 | Bought a potion of curing for 30 gold pieces
 48304 | Vaults:1 | Bought a potion of flight for 30 gold pieces
 48304 | Vaults:1 | Bought a potion of heal wounds for 50 gold pieces
 48304 | Vaults:1 | Bought a potion of might for 40 gold pieces
 48598 | Vaults:1 | Found Voazitonk's Magic Scroll Shoppe.
 48614 | Vaults:1 | Bought a scroll of teleportation for 57 gold pieces
 48621 | Vaults:1 | Found Lely's Jewellery Boutique.
 49249 | Vaults:1 | Found Fezyurof's Assorted Antiques.
 49254 | Vaults:1 | Bought a scroll of teleportation for 102 gold pieces
 49254 | Vaults:1 | Bought a wand of digging (3) for 428 gold pieces
 49254 | Vaults:1 | Bought a potion of cancellation for 272 gold pieces
 49254 | Vaults:1 | Bought a bone ring for 170 gold pieces
 49861 | Vaults:2 | Found Ebus's Distillery.
 49902 | Vaults:2 | Bought 2 potions of flight for 108 gold pieces
 49902 | Vaults:2 | Bought a potion of might for 72 gold pieces
 49902 | Vaults:2 | Bought a potion of heal wounds for 90 gold pieces
 49902 | Vaults:2 | Bought a potion of invisibility for 144 gold pieces
 49902 | Vaults:2 | Bought a potion of curing for 54 gold pieces
 49902 | Vaults:2 | Bought a potion of mutation for 144 gold pieces
 49902 | Vaults:2 | Bought 2 potions of haste for 360 gold pieces
 49990 | Vaults:2 | Reached XP level 22. HP: 137/144 MP: 35/35
 50673 | Vaults:2 | Found Igitzotu's Weapon Boutique.
 52393 | Vaults:3 | Found a staircase to the Crypt.
 52393 | Vaults:3 | Found a basalt altar of Yredelemnul.
 52393 | Vaults:3 | Found an ancient bone altar of Kikubaaqudgha.
 53383 | Vaults:4 | Noticed Boris
 53385 | Vaults:4 | Killed Boris
 53386 | Vaults:4 | Reached XP level 23. HP: 150/150 MP: 37/37
 53947 | Vaults:4 | Noticed Mara
 53948 | Vaults:4 | Noticed Margery
 53948 | Vaults:4 | Killed Mara
 53952 | Vaults:4 | Killed Margery
 54420 | Vaults:4 | Noticed Saint Roka
 54422 | Vaults:4 | Killed Saint Roka
 54613 | Vaults:4 | Identified the staff of conjuration "Defacid" {*Slow rCorr
                  | Dex+3}
 54615 | Vaults:4 | Noticed Frederick
 54625 | Vaults:4 | Killed Frederick
 54933 | Depths:1 | Entered Level 1 of the Depths
 55230 | Depths:1 | Found a one-way gate leading to the halls of Pandemonium.
 55322 | Depths:1 | Identified the +3 ring mail of the Doldrums {Will+ rCorr
                  | Dex+2}
 55407 | Depths:1 | Acquired 832 gold pieces
 55409 | Depths:1 | Acquired a manual of Armour
 55479 | Depths:1 | Found a gateway to Hell.
 56175 | Depths:1 | Reached XP level 24. HP: 156/156 MP: 37/37
 56234 | Depths:1 | Reached skill level 10 in Armour
 57005 | Depths:2 | Acquired the +1 pair of gloves of Impressiveness {Str+4}
 57084 | Depths:2 | Found a one-way gate to the infinite horrors of the Abyss.
 57804 | Depths:2 | Found a runed translucent gate.
 57804 | Depths:2 | Found a runed translucent gate.
 57804 | Depths:2 | Found a runed translucent gate.
 57806 | Depths:2 | Found an opulent altar of Gozag.
 57818 | Depths:2 | Found Galaett's Assorted Antiques.
 57818 | Depths:2 | Noticed Ixzaikk's ghost (journeyman MiFi)
 57910 | Depths:2 | Killed Ixzaikk's ghost
 58460 | Depths:2 | Found a white marble altar of Elyvilon.
 58470 | Depths:2 | Noticed a golden dragon
 58472 | Depths:2 | Killed a golden dragon
 58831 | Depths:3 | Found a one-way gateway to a ziggurat.
 59322 | Depths:3 | Noticed Xtahua
 59326 | Depths:3 | Killed Xtahua
 59420 | Depths:3 | Reached XP level 25. HP: 157/157 MP: 35/35
 59684 | Depths:3 | Identified the Volume of Arctic Effluvium
 59942 | Depths:3 | Noticed Sojobo
 59946 | Depths:3 | Killed Sojobo
 60431 | Depths:3 | Identified the Spellbook of Inconstant Corpses
 60431 | Depths:3 | Identified the Discourse on the Volley and Moulding
 60559 | Depths:4 | Entered Level 4 of the Depths
 60781 | Depths:4 | Noticed a caustic shrike
 60782 | Depths:4 | Noticed a caustic shrike
 60783 | Depths:4 | Noticed a caustic shrike
 60783 | Depths:4 | Killed a caustic shrike
 60784 | Depths:4 | Killed a caustic shrike
 60785 | Depths:4 | Noticed a caustic shrike
 60786 | Depths:4 | Killed a caustic shrike
 60789 | Depths:4 | Killed a caustic shrike
 61025 | Depths:4 | Found a gate to the Realm of Zot.
 61491 | Depths:4 | Found a shimmering altar of Xom.
 61491 | Depths:4 | Found a shimmering altar of Xom.
 61492 | Depths:4 | Found a shimmering altar of Xom.
 61496 | Depths:4 | Found a shimmering altar of Xom.
 62279 | Vaults:5 | Entered Level 5 of the Vaults
 62364 | Vaults:5 | Noticed Boris
 62386 | Vaults:5 | Killed Boris
 62496 | Vaults:5 | Reached XP level 26. HP: 163/163 MP: 35/35
 62972 | Vaults:5 | Noticed a dread lich
 62974 | Vaults:5 | Killed a dread lich
 63367 | Vaults:5 | Identified the +1 hand axe of Arbitration {flame, rC-
                  | Will++ Dex+2}
 63984 | Vaults:5 | Got a silver rune of Zot
 64497 | Vaults:5 | Identified Ageciun's Almanac of Nonlocality and Wounds
 65614 | Vaults:1 | Bought a scroll of acquirement for 988 gold pieces
 65614 | Vaults:1 | Acquired the ring of Dyngit {rC+ Str+3 Int+6}
 65815 | Depths:2 | Bought 2 potions of haste for 800 gold pieces
 65815 | Depths:2 | Bought a scroll of teleportation for 120 gold pieces
 65815 | Depths:2 | Bought a wand of roots (4) for 384 gold pieces
 66020 | Orc:2    | Bought a wand of acid (3) for 226 gold pieces
 66272 | Zot:1    | Entered Level 1 of the Realm of Zot
 66583 | Zot:1    | Reached XP level 27. HP: 172/172 MP: 35/35
 66896 | Zot:1    | Reached skill level 15 in Fighting
 67375 | Zot:2    | Noticed an orb of fire
 67377 | Zot:2    | Killed an orb of fire
 68097 | Zot:2    | Identified Belixac's Anthology of Companions and Hoarfrost
 68592 | Zot:3    | Identified the Cyclopedia of Fire and Brimstone
 68811 | Zot:2    | Acquired a manual of Throwing
 68929 | Zot:3    | Identified the +2 dagger "Nueziota" {freeze, Int+3}
 69221 | Zot:3    | Found a basalt altar of Yredelemnul.
 69259 | Zot:3    | Identified Taogauck's Directory of the Zealot
 70970 | Zot:4    | Identified the +8 morningstar of Nacexkieki {protect, Will-
                  | Str+6 Dex+4}
 71987 | Zot:4    | Noticed an ancient lich
 71988 | Zot:4    | Killed an ancient lich
 72026 | Zot:4    | Noticed a juggernaut
 72028 | Zot:4    | Killed a juggernaut
 72208 | Zot:5    | Entered Level 5 of the Realm of Zot
 72449 | Zot:5    | Noticed an orb of fire
 72449 | Zot:5    | Noticed an orb of fire
 72452 | Zot:5    | Killed an orb of fire
 72453 | Zot:5    | Killed an orb of fire
 72662 | Zot:5    | Noticed an ancient lich
 72665 | Zot:5    | Killed an ancient lich
 73402 | Zot:5    | Noticed an orb of fire
 73406 | Zot:5    | Gained mutation: Your spells are a little easier to cast,
                  | but a little less powerful. [an orb of fire]
 73412 | Zot:5    | Gained mutation: Your magical capacity is low. (-10% MP)
                  | [an orb of fire]
 73432 | Zot:5    | Killed an orb of fire
 73494 | Zot:5    | Noticed an orb of fire
 73496 | Zot:5    | Noticed a Killer Klown
 73496 | Zot:5    | Killed an orb of fire
 73557 | Zot:5    | Killed a Killer Klown
 73618 | Zot:5    | Lost mutation: Your magical capacity is low. (-10% MP)
                  | [potion of mutation]
 73618 | Zot:5    | Lost mutation: Your spells are a little easier to cast, but
                  | a little less powerful. [potion of mutation]
 73618 | Zot:5    | Gained mutation: You are somewhat resistant to further
                  | mutation. [potion of mutation]
 73757 | Zot:5    | Noticed an orb of fire
 73778 | Zot:5    | Killed an orb of fire
 73901 | Zot:5    | Noticed an orb of fire
 73902 | Zot:5    | Noticed an orb of fire
 73903 | Zot:5    | Killed an orb of fire
 73927 | Zot:5    | Killed an orb of fire
 74399 | Zot:5    | Got the Orb of Zot
 74441 | Zot:5    | Noticed a dread lich
 74473 | Zot:4    | Noticed Hurgher the pandemonium lord
 74790 | D:13     | Noticed Aneses the pandemonium lord
 74996 | D:1      | Noticed Tagariss the pandemonium lord
 75003 | D:$      | Escaped with the Orb!

Illustrated notes

Levels and vault maps discovered:
D:1:      lightli_molten_gateway, layout_basic, roderic_serpentine_path,
          chequers_garden
D:2:      layout_rooms, hangedman_abyss_or_decor_lesser_grid, minmay_box_of_dots
D:3:      layout_rooms, minmay_gold_behind_fungi, nrook_mini_backslash
D:4:      layout_layer_cave, minmay_temple_entry_slanted, serial_shops,
          nicolae_shop_advertising_works [nicolae_subvault_shop_adworks],
          serial_bayou, serial_bayou_pond_a, serial_bayou_lagoon_a,
          serial_bayou_pond_b, serial_bayou_pond_e, serial_bayou_ford_a,
          minmay_strange_pillars
D:5:      layout_cave_pools, minivault_26
D:6:      layout_basic, ashenzari_altar_1, chequers_ossuary_entry_cave
D:7:      layout_loops_ring
D:8:      layout_basic
D:9:      cheibrodos_helix_gallery, layout_loops_ring, okawaru_gym_becter,
          nicolae_overflow_hidden_temple, minmay_nine_imps, uniq_joseph
D:10:     minmay_ornate_pinched, layout_loops_cross, kennysheep_mini,
          dpeg_oklobed_lair, orc_david_3, special_room [special_room_orc]
D:11:     layout_stronghold, item_on_display_a
D:12:     layout_roguey
D:13:     layout_basic, hellmonk_ghost_big_iron, uniq_nessos
D:14:     minmay_curly_fans, layout_long_grid,
          hangedman_vaults_entry_quadrant_bands, grunt_decor_clamped
D:15:     grunt_enter_depths_giant_problem, layout_basic,
          fedhas_altar_fruit_tree
Temple:   zaba_magenta_temple
Lair:1:   layout_small_grid, infiniplex_staircase_pool_2
Lair:2:   layout_small_grid, minmay_shoals_entry_hut,
          nicolae_spider_entry_non_spiders, serial_bayou_pond_a
Lair:3:   layout_hall_layers, ebering_ghost_funeral_grove, lemuel_fruit_fields,
          uniq_fannar
Lair:4:   layout_cave_pods, grunt_megastairs_3, lemuel_fruit_fields,
          serial_bayou_shore_a, lemuel_fruit_fields, uniq_josephine
Lair:5:   gammafunk_lair_ancient_temple, layout_small_grid,
          minmay_slime_entry_jelly_boxes, minivault_27
Shoals:1: layout_shoals, serial_shops, nicolae_shop_mannequins
Shoals:2: layout_shoals
Shoals:3: layout_shoals, abandoned_shop, uniq_polyphemus
Shoals:4: shoals_end_simple, layout_shoals, shoals_ilsuiw_alternative
Spider:1: layout_spider_delve, ebering_ghost_inner_flame, drop_trap
Spider:2: nicolae_spider_hilbert_zone_6 [nicolae_spider_hilbert_4_sides_1_open,
          nicolae_spider_hilbert_4_sides_1_open,
          nicolae_spider_hilbert_4_sides_1_open,
          nicolae_spider_hilbert_4_sides_1_open,
          nicolae_spider_hilbert_4_sides_1_open,
          nicolae_spider_hilbert_4_sides_1_open,
          nicolae_spider_hilbert_4_sides_1_open], ebering_ghost_xom
Spider:3: layout_spider_delve, gammafunk_ghost_grave, guppyfry_spider_mini_1
Spider:4: spider_rune_water, nicolae_spider_webbed_stairs
Orc:1:    layout_diamond_mine, hellmonk_ghost_happy_afterlife,
          hangedman_feature_mirror
Orc:2:    grunt_orc_gardens, layout_caves, grunt_orc_garden, grunt_orc_garden,
          grunt_orc_garden, grunt_orc_garden, serial_shops, shop
Elf:1:    eino_elf_arrival_shootout, layout_geoelf_grid, serial_shops,
          nicolae_shop_crystal, nicolae_shop_stone, shop,
          nicolae_shop_gaudy_bauble, nicolae_trove_entry_path_of_doom,
          minmay_elf_demonology, uniq_kirke, uniq_agnes
Elf:2:    elven_hall_of_blades_hangedman_alternative
          [nicolae_blade_entry_sentries_behind_glass], layout_rooms,
          basic_altar, serial_shops, nicolae_shop_crystal
Elf:3:    minmay_elf_hall_curves, layout_onion_city, basic_altar, uniq_donald
Vaults:1: v_alt_pattern_6, nicolae_vaults_network_barrier,
          grunt_vaults_diagonal, nicolae_vaults_specimen_jars,
          nicolae_vaults_heart-shaped_vault, nicolae_vaults_heart-shaped_vault,
          nicolae_vaults_wrenched, v_misc_1, nicolae_vaults_little_guard_posts,
          nicolae_vaults_little_ls, serial_ice_b, layout_vaults_ring,
          serial_shops, nicolae_diamond_shop, shop, shop,
          nicolae_shop_tiny_waterfront
Vaults:2: dpeg_vaults_monster_row, nicolae_vaults_tetromino_T_2, v_misc_14,
          vaults_room_grid, v_misc_25, ontoclasm_vaults_claustrophobia,
          ontoclasm_vaults_ligature, nicolae_vaults_gold_heap,
          nicolae_vaults_stairing_the_circle, nicolae_vaults_border_crossing,
          v_misc_1, nicolae_vaults_wine_cellar, vaults_dpeg_hooks,
          vaults_dpeg_ring, vaults_room_mumra_shop_pool,
          nicolae_vaults_tetromino_L_2, layout_vaults_omnicross, serial_shops,
          nicolae_shop_just_a_little_nook
Vaults:3: vaults_standard_mumra_lines, nicolae_vaults_display_case,
          minmay_crypt_entry_necro_gods, nicolae_vaults_variable_pillar_hall,
          nicolae_vaults_house_2, nicolae_vaults_hexular_roomagon,
          hangedman_vaults_snaps, vaults_room_corners, vaults_room_fours,
          layout_vaults_omnigrid
Vaults:4: v_misc_11, nicolae_vaults_storage_room_statues,
          nicolae_vaults_more_shelving_1, v_misc_5, serial_ice_h,
          nicolae_vaults_bisected_slash, nicolae_vaults_heist,
          nicolae_vaults_apartment_2, ontoclasm_vaults_tryst,
          nicolae_vaults_tetromino_T_1, nicolae_vaults_network_s,
          layout_vaults_omnibox, uniq_mara, uniq_margery, uniq_saint_roka,
          uniq_boris, uniq_frederick
Vaults:5
Depths:1: layout_forbidden_donut, kennysheep_cross_landing,
          grunt_pan_entry_zigzag, hell_entry, hangedman_decor_lopped,
          chequers_serial_rivers_room_b, glass_columns_b, minmay_serpent_palace
Depths:2: hangedman_hanging_gardens, layout_long_grid, rand_demon_pan_entry_1,
          nicolae_elyvilon_peaceful_grove, hell_entry, ebering_ghost_gozag,
          abyss_entry
Depths:3: cheibrodos_lost_city_excavation, layout_cave_shapes, enter_ziggurat_a,
          minmay_room_of_horrors, hangedman_abyss_or_decor_stagger, hell_entry,
          minmay_the_grid_2x2 [minmay_the_grid_outer_diamond,
          minmay_the_grid_spikes, minmay_the_grid_airy,
          minmay_the_grid_prize_shrinking_boxes],
          infiniplex_staircase_door_maze, uniq_sojobo, uniq_xtahua
Depths:4: grunt_zot_entry_pinwheel, layout_gridlike, xom_redecorated,
          hangedman_geh_valley
Zot:1:    layout_onion, uniq_josephina
Zot:2:    layout_gridlike, st_single_dragon_hoard_3
Zot:3:    nicolae_zot_draconian_monastery, layout_gridlike
Zot:4:    ebering_greatest_show_in_zot, layout_cellular_growth,
          nicolae_zot_crop_circle
Zot:5:    layout_misc_corridors, lemuel_lake_of_fire

Skill      XL: |  1  2  3  4  5  6  7  8  9 10 11 12 13 14 15 16 17 18 19 20 21 22 23 24 25 26 27 |
---------------+----------------------------------------------------------------------------------+-----
Fighting       | 2 3 5 10 13 14 24 | 24.3
Short Blades   | 1 3 4 5 7 10 11 12 15 17 20 23 24 | 24.0
Stealth        | 2 3 5 8 10 11 14 19 24 25 | 25.6
Dodging        | 3 5 6 10 11 14 15 18 19 22 25 | 25.5
Evocations     | 5 8 10 | 10.0
Armour         | 4 5 7 9 12 13 | 13.8
Throwing       | 3 6 |  6.2
Shields        | 5 8 11 12 14 | 14.7
Spellcasting   | 3 5 6 |  6.0
Hexes          | 3 8 10 11 | 11.0
Air Magic      | 3 8 10 11 | 11.0
Transmutations | 1 |  1.0
Earth Magic    | 1 |  1.0

Action                     |  1- 3 |  4- 6 |  7- 9 | 10-12 | 13-15 | 16-18 | 19-21 | 22-24 | 25-27 || total
---------------------------+-------+-------+-------+-------+-------+-------+-------+-------+-------++-------
  Melee: Club              |    42 |       |       |       |       |       |       |       |       ||    42
         Short sword       |    23 |       |       |       |       |       |       |       |       ||    23
         Dagger            |       |    96 |   472 |   799 |       |       |       |       |       ||  1367
         Punch             |       |     1 |     7 |     9 |       |       |       |       |       ||    17
         Rapier            |       |       |       |   178 |  1230 |  1405 |  1246 |  1084 |  2028 ||  7171
  Throw: Dart              |       |       |       |    10 |    13 |    57 |    40 |     4 |    19 ||   143
         Throwing net      |       |       |       |     1 |       |       |     2 |       |       ||     3
         Boomerang         |       |       |       |     3 |       |       |       |       |       ||     3
   Cast: Passwall          |       |       |       |       |       |    24 |     2 |       |       ||    26
         Silence           |       |       |       |       |       |    48 |   166 |   115 |   169 ||   498
 Invoke: Curse Item        |       |       |       |     8 |     3 |       |     2 |     2 |     3 ||    18
         Shatter the Chain |       |       |       |     1 |     1 |     2 |     2 |     3 |       ||     9
  Evoke: Wand              |    12 |     3 |     6 |     2 |    11 |    17 |     9 |       |     9 ||    69
         Box of beasts     |       |       |       |       |     1 |     1 |       |       |       ||     2
         Phantom mirror    |       |       |       |       |     1 |       |     1 |     2 |     1 ||     5
         Lightning rod     |       |       |       |       |     3 |     2 |       |       |       ||     5
         Tin of tremorston |       |       |       |       |       |       |       |       |     2 ||     2
    Use: Scroll            |     3 |       |     3 |     9 |     2 |     7 |       |     5 |    10 ||    39
         Potion            |       |       |     2 |     6 |     4 |       |     3 |     1 |    18 ||    34
   Stab: Sleeping          |     6 |    19 |    17 |    30 |    61 |   114 |   173 |   272 |   242 ||   934
         Distracted        |       |       |     2 |     4 |    11 |    11 |     3 |    10 |    30 ||    71
         Held in net/web   |       |       |       |     1 |       |       |     1 |       |       ||     2
         Invisible         |       |       |       |     2 |       |       |     1 |       |       ||     3
         Betrayed ally     |       |       |       |       |     1 |     1 |       |       |       ||     2
 Armour: Leather armour    |    24 |    15 |    38 |       |       |       |       |       |       ||    77
         Acid dragon scale |       |       |     9 |    83 |    72 |   123 |    80 |    52 |   121 ||   540
         Skin              |       |       |       |    37 |       |       |       |       |       ||    37
  Dodge: Dodged            |    52 |    36 |   194 |   533 |   572 |   866 |   497 |   462 |   957 ||  4169
  Block: Buckler           |       |       |       |    97 |   347 |   551 |   273 |    90 |       ||  1358
         Reflection        |       |       |       |       |     2 |    15 |     8 |       |       ||    25
         Kite shield       |       |       |       |       |       |       |       |   257 |   911 ||  1168
